 Dungeon Crawl Stone Soup version 0.29-a0-284-gf9362112df (webtiles) character file.

Game seed: 16085440324557668594

31 Hubjo the Sneak (level 3, -1/26 HPs)
             Began as a Demonspawn Enchanter on Mar 23, 2022.
             Was a Follower of Ru.
             Slain by an adder (2 damage)
             ... on level 2 of the Dungeon.
             The game lasted 00:02:22 (1942 turns).

Hubjo the Sneak (Demonspawn Enchanter)              Turns: 1942, Time: 00:02:22

Health: -1/26      AC:  2    Str:  8 (10) XL:     3   Next: 7%
Magic:  6/6        EV: 12    Int: 15 (16) God:    Ru [*.....]
Gold:   49         SH:  0    Dex: 12 (13) Spells: 6/6 levels left

rFire   . . .      SeeInvis .   a - +1 dagger
rCold   . . .      Faith    .   (no shield)
rNeg    . . .      Spirit   .   b - +0 robe
rPois   .          Reflect  .   (no helmet)
rElec   .          Harm     .   (no cloak)
rCorr   .          Rampage  .   (no gloves)
Will    .....                   (no boots)
Stlth   ++........              (no amulet)
HPRegen 0.08/turn               (no ring)
MPRegen 0.20/turn               (no ring)

@: lethally poisoned (-1 -> -2)
A: powered by pain 1, magic regeneration, inability to train armour
a: Renounce Religion


You were on level 2 of the Dungeon.
You worshipped Ru.
Ru was aware of your devotion.
You visited 1 branch of the dungeon, and saw 2 of its levels.

You collected 49 gold pieces.

Inventory:

Hand Weapons
 a - a +1 dagger (weapon)
Missiles
 d - 3 atropa-tipped darts (quivered)
Armour
 b - a +0 robe (worn)
Scrolls
 e - a scroll of immolation {unknown}
 h - a scroll of fear {unknown}
Potions
 c - 2 potions of invisibility


   Skills:
 * Level 1.5 Fighting
 - Level 0.8 Short Blades
 - Level 1.7 Dodging
 * Level 3.3 Stealth
 + Level 2.3 Spellcasting
 - Level 3.0 Hexes


You had 6 spell levels left.
You didn't know any spells.
Your spell library contained the following spells:

 Spells                   Type           Power      Damage    Failure   Level
 Ensorcelled Hibernation  Hex/Ice        12%        N/A       19%         2
 Confusing Touch          Hex            10%        N/A       19%         3
 Tukima's Dance           Hex            10%        N/A       19%         3
 Foxfire                  Conj/Fire      4%         2x1d4     22%         1
 Corpse Rot               Necr/Air       2%         N/A       32%         2
 Poisonous Vapours        Pois/Air       2%         N/A       32%         2
 Dazzling Flash           Conj/Hex       12%        N/A       34%         3
 Inner Flame              Hex/Fire       6%         N/A       34%         3
 Conjure Flame            Conj/Fire      1%         6-21      54%         3
 Flame Wave               Conj/Fire      1%         2d4       91%         4


Dungeon Overview and Level Annotations

Branches:
Dungeon (2/15)

Altars:
Ru


Innate Abilities, Weirdness & Mutations

You sometimes gain a little power by taking damage.
You regenerate magic rapidly.
You cannot train Armour skill.


Message History

The adder barely misses you.
You hit the adder but do no damage.
You feel sick. The adder completely misses you. The hobgoblin hits you.
You hit the adder. Your punch misses the adder.
The adder is heavily wounded.
You feel sick. The adder barely misses you. The hobgoblin hits you.
The adder bites you.
You are too injured to fight recklessly!
You are too injured to fight recklessly!
You are too injured to fight recklessly!
You are too injured to fight recklessly!
You are too injured to fight recklessly!
You are too injured to fight recklessly!
You are too injured to fight recklessly!
You are too injured to fight recklessly!
You are too injured to fight recklessly!
You hit the hobgoblin.
The hobgoblin is heavily wounded.
You feel sick. The hobgoblin misses you. The adder bites you.
* * * LOW HITPOINT WARNING * * *
You are lethally poisoned!
The adder poisons you!
It was a potion of curing.
You feel better.
The adder is stunned by your conviction and fails to attack.
The hobgoblin misses you. The adder closely misses you.
The hobgoblin attacks as you move away! The hobgoblin hits you.
The adder attacks as you move away! The adder bites you.
You are poisoned.
The adder poisons you!
You feel sick.
You feel sick. The adder barely misses you. The hobgoblin hits you.
* * * LOW HITPOINT WARNING * * *
The adder bites you but does no damage.
* * * LOW HITPOINT WARNING * * *
You feel sick. The hobgoblin barely misses you. The adder closely misses you.
It was a potion of degeneration.
There was something very wrong with that liquid.
You feel weakened.
You feel dopey.
You feel clumsy.
* * * LOW HITPOINT WARNING * * *
You feel sick. The adder bites you.
You die...

.##..... .# .#.##
.# ...# .# #..# .#
#..# #+####
.#####..# #....
........# #$.#
#######.# ##..# #
# #.# ###.@.#.####
#.# ##[.gS......<
#.####.###....####
#......# #....#
######.# #..#.#
##.......#
###.#### #[# #.#


You could see an adder and a hobgoblin.

Vanquished Creatures
  A dart slug (D:1)
  3 bats (D:1)
  3 endoplasms (D:1)
  3 goblins
  4 hobgoblins
  A quokka (D:1)
  3 ball pythons
  3 kobolds (D:1)
  6 rats (D:1)
27 creatures vanquished.

Vanquished Creatures (others)
  2 withered plants (D:1)
2 creatures vanquished.

Grand Total: 29 creatures vanquished

Notes
Turn   | Place    | Note
-------+----------+-------------------------------------------
     0 | D:1      | Hubjo the Demonspawn Enchanter began the quest for the Orb.
     0 | D:1      | Reached XP level 1. HP: 13/13 MP: 3/3
   442 | D:1      | Gained mutation: You regenerate magic rapidly. [demonic
                  | ancestry]
   442 | D:1      | Reached XP level 2. HP: 6/20 MP: 5/5
   456 | D:1      | Reached skill level 1 in Fighting
  1415 | D:1      | Found a faded altar of an unknown god.
  1593 | D:1      | Prayed at the altar of an unknown god.
  1593 | D:1      | Became a worshipper of Ru the Awakened
  1622 | D:2      | Gained mutation: You cannot train Armour skill. [Ru
                  | sacrifice]
  1622 | D:2      | Reached * piety under Ru
  1672 | D:2      | Gained mutation: You sometimes gain a little power by
                  | taking damage. [demonic ancestry]
  1672 | D:2      | Reached XP level 3. HP: 19/26 MP: 6/6
  1942 | D:2      | HP: 1/26 [poisoned by an adder]
  1942 | D:2      | Slain by an adder

Illustrated notes

Levels and vault maps discovered:
D:1:      lemuel_arrival_cross, layout_basic,
          shapermc_ecumenical_altar_flowoftime
D:2:      layout_loops_corners, minivault_23, uniq_jessica

Skill      XL: |  1  2 |
---------------+-------+-----
Stealth        | 3 |  3.3
Fighting       | 1 |  1.5
Short Blades   | |  0.8
Dodging        | |  1.7
Spellcasting   | |  2.3
Hexes          | |  3.0

Action                   || total
-------------------------++-------
Melee: Dagger            ||    92
       Punch             ||     1
Invok: Sacrifice Durabil ||     1
  Use: Potion            ||     2
 Stab: Sleeping          ||     5
Armor: Robe              ||     6
Dodge: Dodged            ||    55

Table legend: (Time is in decaauts)
 A = Elapsed time spent in this place.
 B = Non-inter-level travel time spent in this place.
 C = Inter-level travel time spent in this place.
 D = Time resting spent in this place.
 E = Time spent auto-exploring this place.
 F = Levels seen in this place.
 G = Mean time per level.
                   A        B        C        D        E       F      G
               +--------+--------+--------+--------+--------+-----+--------+
         Total |   1938 |   1938 |      0 |      0 |   1673 |   2 |  969.0 |
       Dungeon |   1938 |   1938 |      0 |      0 |   1673 |   2 |  969.0 |
               +--------+--------+--------+--------+--------+-----+--------+

Top non-repeatable levels by time:
     D:1: 1615 daAuts
     D:2: 323 daAuts
